 Dungeon Sprint DCSS version 0.31-a0-1522-g43313d8a59 (webtiles) character file.

Game seed: 7088066051134393156

396 TheScarfBastard the Carver (level 6, -12/63 HPs)
             Began as a Draconian Berserker on Dec 31, 2023.
             Was a Priest of Trog.
             Mangled by a two-headed ogre
             ... wielding a +0 giant club
              (25 damage)
             ... in the Dungeon (Sprint IX: "|||||||||||||||||||||||||||||").
             The game lasted 00:01:32 (200 turns).

TheScarfBastard the Carver (Draconian Berserker)     Turns: 200, Time: 00:01:33

Health: -12/63     AC:  7    Str: 21    XL:     6   Next: 52%
Magic:  6/6        EV: 18    Int:  7    God:    Trog [***...]
Gold:   0          SH:  0    Dex: 11    Spells: 5/5 levels left

rFire   . . .        j - +2 halberd (vamp)
rCold   . . .        (shield currently unavailable)
rNeg    . . .        (body armour unavailable)
rPois   .            (helmet restricted)
rElec   .            (no cloak)
rCorr   .            (no gloves)
SInv    .            m - +0 pair of boots
Will    ++...        (no amulet)
Stlth   +            k - +2 ring of evasion
HPRegen 1.30/turn    l - +2 ring of evasion
MPRegen 0.10/turn

%: no teleportation
@: strong-willed (expiring), on berserk cooldown, regenerating (expiring),
slowed, very slow
A: AC +6, unfitting armour, cold-blooded
a: Renounce Religion, Berserk, Trog's Hand


You were in the Dungeon.
You worshipped Trog.
Trog was most pleased with you.
You visited 1 branch

Inventory:

Hand Weapons
 a - a +0 falchion
 j - a +2 vampiric halberd (weapon)
Armour
 m - a +0 pair of boots (worn)
Jewellery
 k - a +2 ring of evasion (left hand)
 l - a +2 ring of evasion (right hand)
Wands
 i - a wand of light (10)
Scrolls
 g - 2 scrolls of blinking
Potions
 b - 5 potions of curing
 c - 3 potions of heal wounds
 d - a potion of haste
 e - 4 potions of magic
 f - a potion of berserk rage
 h - a potion of invisibility


   Skills:
 + Level 9.1 Fighting
 + Level 9.8 Long Blades
 + Level 2.1 Polearms
 + Level 6.8 Dodging


You had 5 spell levels left.
You didn't know any spells.
Your spell library was empty.

Dungeon Overview and Level Annotations

Branches:
Dungeon (1/1)

Altars:
Cheibriados
Dithmenos
Elyvilon
Fedhas
Gozag
Hepliaklqana
Kikubaaqudgha
Makhleb
Nemelex Xobeh
Okawaru
Qazlal
Ru
Sif Muna
Trog
Uskayaw
Vehumet
Wu Jian
Xom
Yredelemnul
Zin
The Shining One
Jiyva
Lugonu


Innate Abilities, Weirdness & Mutations

Your plain brown scales are hard. (AC +6)
You cannot fit into any form of body armour.
You are cold-blooded and may be slowed by cold attacks.


Message History

Your scales feel tougher.
You closely miss the vampire mosquito. The vampire mosquito bites you.
The vampire mosquito draws strength from your injuries!
The vampire mosquito completely misses you.
You closely miss the vampire mosquito. The vampire mosquito misses you.
The vampire mosquito bites you.
The vampire mosquito draws strength from your injuries!
You barely miss the vampire mosquito.
Your tail-slap misses the vampire mosquito.
The vampire mosquito barely misses you. The vampire mosquito misses you.
You completely miss the vampire mosquito.
The vampire mosquito barely misses you. x2
You closely miss the vampire mosquito. The vampire mosquito misses you.
The vampire mosquito barely misses you.
You miss the vampire mosquito.
Your tail-slap misses the vampire mosquito.
You are no longer berserk.
You are exhausted.
You feel yourself slow down. The vampire mosquito bites you!
The vampire mosquito draws strength from your injuries!
The vampire mosquito bites you.
The vampire mosquito draws strength from your injuries!
You puncture the vampire mosquito!
The vampire mosquito is heavily damaged.
The vampire mosquito misses you.
The vampire mosquito completely misses you.
You hit the two-headed ogre.
You feel better.
You tail-slap the two-headed ogre.
The two-headed ogre is lightly wounded.
The two-headed ogre misses you.
The two-headed ogre hits you with a +0 giant club! x3
You slash the two-headed ogre!
You feel better.
You tail-slap the two-headed ogre.
The two-headed ogre is moderately wounded.
You feel the effects of Trog's Hand fading.
The two-headed ogre closely misses you.
The two-headed ogre hits you with a +0 giant club!!
* * * LOW HITPOINT WARNING * * *
The two-headed ogre hits you with a +0 giant club!!
You die... ▓▓▓▓▓▓▓▓▓▓▓▓▓▓▓▓▓▓▓▓▓▓▓▓▓▓ ...y.o†yO@.[.)?.'_________ ▓▓▓▓▓▓▓▓▓▓▓▓▓▓▓▓▓▓▓▓▓▓▓▓▓▓

You could see a two-headed ogre, an orc warrior, a vampire mosquito and a killer bee.

Vanquished Creatures
  A hornet (D)
  A black bear (D)
  A scorpion (D)
  An iguana (D)
  An adder (D)
  A dart slug (D)
  An orc (D)
  An endoplasm (D)
  2 goblins (D)
  A hobgoblin (D)
11 creatures vanquished.

Notes
Turn   | Place    | Note
-------+----------+-------------------------------------------
     0 | D        | TheScarfBastard the Draconian Berserker began the quest for
                  | the Orb.
     0 | D        | Reached XP level 1. HP: 19/19 MP: 1/1
    10 | D        | Reached ** piety under Trog
    10 | D        | Banished a spatial maelstrom
    16 | D        | Reached XP level 2. HP: 24/27 MP: 2/2
    29 | D        | Noticed a black bear
    29 | D        | Noticed a scorpion
    35 | D        | Reached skill level 5 in Fighting
    35 | D        | Reached XP level 3. HP: 36/36 MP: 3/3
    40 | D        | Killed a scorpion
    40 | D        | Reached *** piety under Trog
    41 | D        | Reached XP level 4. HP: 44/44 MP: 4/4
    44 | D        | Killed a black bear
    45 | D        | Reached skill level 5 in Dodging
    45 | D        | Reached XP level 5. HP: 50/52 MP: 5/5
   111 | D        | Found a snail-covered altar of Cheibriados.
   111 | D        | Found a shadowy altar of Dithmenos.
   111 | D        | Found a white marble altar of Elyvilon.
   111 | D        | Found a blossoming altar of Fedhas.
   111 | D        | Found an opulent altar of Gozag.
   112 | D        | Found a hazy altar of Hepliaklqana.
   113 | D        | Found a viscous altar of Jiyva.
   114 | D        | Found an ancient bone altar of Kikubaaqudgha.
   115 | D        | Found a corrupted altar of Lugonu.
   116 | D        | Found a burning altar of Makhleb.
   117 | D        | Found a sparkling altar of Nemelex Xobeh.
   118 | D        | Found an iron altar of Okawaru.
   119 | D        | Found a stormy altar of Qazlal.
   120 | D        | Found a sacrificial altar of Ru.
   121 | D        | Found a shimmering blue altar of Sif Muna.
   122 | D        | Found a bloodstained altar of Trog.
   123 | D        | Found a hide-covered altar of Uskayaw.
   124 | D        | Found a radiant altar of Vehumet.
   125 | D        | Found an ornate altar of the Wu Jian Council.
   126 | D        | Found a shimmering altar of Xom.
   127 | D        | Found a basalt altar of Yredelemnul.
   128 | D        | Found a glowing silver altar of Zin.
   129 | D        | Found a glowing golden altar of the Shining One.
   183 | D        | Noticed an orc warrior
   183 | D        | Noticed a two-headed ogre
   183 | D        | Noticed a vampire mosquito
   183 | D        | Noticed a hornet
   189 | D        | Killed a hornet
   190 | D        | Reached XP level 6. HP: 63/63 MP: 6/6
   200 | D        | Mangled by a two-headed ogre

Illustrated notes

Levels and vault maps discovered:
D:        linesprint [early_d, line_temple, items_1, d_10, items_2, lair_1,
          lair_end, items_3, orc_1, orc_end, items_4, d_15, swamp_1, shoals_1,
          snake_1, spider_1, d_20, vaults_1, items_5, swamp_end, shoals_end,
          snake_end, spider_end, vaults_end, d_27, items_6, zot_1, zot_end,
          crypt_end, forest_end, elf_end, slime_end, tomb_end, abyss_end,
          pan_hell_end]

Skill      XL: |  1  2  3  4  5 |
---------------+----------------+-----
Dodging        | 3 4 5 6 |  6.8
Fighting       | 4 5 6 7 9 |  9.1
Long Blades    | 4 6 7 9 |  9.8
Polearms       | 2 |  2.1

Action                     |  1- 3 |  4- 6 || total
---------------------------+-------+-------++-------
  Melee: Falchion          |    21 |     9 ||    30
         Tailslap          |     3 |     4 ||     7
         Halberd           |       |    13 ||    13
 Invoke: Berserk           |     1 |     1 ||     2
         Trog's Hand       |       |     1 ||     1
 Armour: Skin              |    10 |    14 ||    24
  Dodge: Dodged            |     5 |    21 ||    26

Table legend: (Time is in decaauts)
 A = Elapsed time spent in this place.
 B = Non-inter-level travel time spent in this place.
 C = Inter-level travel time spent in this place.
 D = Time resting spent in this place.
 E = Time spent auto-exploring this place.
 F = Levels seen in this place.
 G = Mean time per level.
                   A        B        C        D        E       F      G
               +--------+--------+--------+--------+--------+-----+--------+
         Total |    213 |    213 |      0 |      0 |     77 |   1 |  213.0 |
       Dungeon |    213 |    213 |      0 |      0 |     77 |   1 |  213.0 |
               +--------+--------+--------+--------+--------+-----+--------+

Top non-repeatable levels by time:
       D: 213 daAuts
